 Dungeon Crawl Stone Soup version 0.18.1-5-g4a78601 (webtiles) character file.

100 varam the Insei (level 4, -2/35 HPs)
             Began as a Demigod Transmuter on May 9, 2016.
             Slain by an orc wizard
             ... wielding a +0 dagger
              (3 damage)
             ... on level 2 of the Dungeon.
             The game lasted 00:06:15 (3137 turns).

varam the Insei (Demigod Transmuter)                Turns: 3137, Time: 00:06:16

Health: -2/35      AC:  2    Str: 13    XL:     4   Next: 23%
Magic:  2/10       EV: 13    Int: 17    God:
Gold:   88         SH:  0    Dex: 18    Spells: 2 memorised, 3 levels left

rFire  . . .     SeeInvis .       - Unarmed
rCold  . . .     Gourm    .     b - +0 robe
rNeg   . . .     Faith    .     (no shield)
rPois  .         Spirit   .     (no helmet)
rElec  .         Dismiss  .     (no cloak)
rCorr  .         Reflect  .     (no gloves)
SustAt +         Harm     .     (no boots)
MR     .....                    (no amulet)
Stlth  ++........               (no ring)
                                (no ring)

@: appendage (expiring), very slightly contaminated, not resistant to hostile
enchantments, unstealthy
A: horns 2, high mp 1, sustain attributes
a: End Transformation


You were on level 2 of the Dungeon.
You were not hungry.
You had grown temporary horns.
You visited 1 branch of the dungeon, and saw 3 of its levels.

You collected 88 gold pieces.

Inventory:

Missiles
 a - 51 arrows
Armour
 b - a +0 robe (worn)
Jewellery
 k - an uncursed ring of protection from cold {unknown}
Scrolls
 e - a scroll of fog {unknown}
 j - a scroll of magic mapping {unknown}
 l - 4 scrolls of identify {unknown}
 p - a scroll of teleportation {unknown}
Potions
 h - a potion of brilliance {unknown}
 i - a potion of heal wounds {unknown}
 m - a potion of haste {unknown}
 n - a potion of invisibility {unknown}
Books
 c - a book of Changes

   Spells                             Type                      Level
   a - Beastly Appendage              Transmutation                1
   b - Sticks to Snakes               Transmutation                2
   c - Spider Form                    Transmutation/Poison         3
   d - Ice Form                       Ice/Transmutation            4
   e - Blade Hands                    Transmutation                5
Comestibles
 d - a bread ration
 f - 4 chunks of flesh
 g - a slice of pizza
 o - a fruit


   Skills:
 + Level 1.5 Fighting
 + Level 2.5 Dodging
 * Level 3.5 Unarmed Combat
 + Level 2.2 Spellcasting
 + Level 2.2 Transmutations


You had 3 spell levels left.
You knew the following spells:

 Your Spells              Type           Power        Failure   Level  Hunger
a - Beastly Appendage     Trmt           #.....       10%         1    #......
c - Spider Form           Trmt/Pois      #.........   38%         3    ###....


Dungeon Overview and Level Annotations

Branches:
Dungeon (3/15)


Innate Abilities, Weirdness & Mutations

You have an increased reservoir of magic (+10% MP).
Your attributes are resistant to harm.
You have a pair of horns on your head.


Message History

Something hits you but does no damage. The jackal barely misses you.
You hit the jackal but do no damage. Your headbutt misses the jackal.
The jackal closely misses you. The jackal bites you.
* * * LOW HITPOINT WARNING * * *
The jackal bites you but does no damage.
You hit the jackal.
You kill the jackal!
Your transformation is almost over.
Something hits you.
* * * LOW HITPOINT WARNING * * *
You hit something. Your punch misses something.
You hear some strange, mumbled words.
Something tries to affect you, but you resist.
You closely miss something. Something hits you!
* * * LOW HITPOINT WARNING * * *
You hit something but do no damage.
You feel yourself speed up. Something hits you.
You die...

#.#.....#.#
#.#)....#.#
#.#.....'.#
#.......###
######)## ######
#.# #....# ######(#
###.##.#
....##(#####...##.#
...(......(...>{@.#
....##.#####.######
....##.#####.#
######.......#
#........##
#.........#
#.........#
#.........#
#......<..#


There were no monsters in sight!

Vanquished Creatures
  Robin (D:2)
  2 adders (D:2)
  An ooze (D:2)
  A worm (D:2)
  A dart slug (D:1)
  A giant gecko (D:3)
  3 orcs (D:3)
  2 ball pythons
  7 bats
  A giant cockroach (D:1)
  16 goblins
  5 hobgoblins
  2 jackals
  5 kobolds
  2 giant newts
  5 rats
55 creatures vanquished.

Vanquished Creatures (others)
  A jackal (D:3)
1 creature vanquished.

Grand Total: 56 creatures vanquished

Notes
Turn   | Place    | Note
--------------------------------------------------------------
     0 | D:1      | varam the Demigod Transmuter began the quest for the Orb.
     0 | D:1      | Reached XP level 1. HP: 15/15 MP: 5/5
     4 | D:1      | Reached skill level 1 in Fighting
   369 | D:1      | You fall through a shaft!
   734 | D:1      | Reached XP level 2. HP: 23/23 MP: 5/7
   779 | D:1      | Reached skill level 3 in Unarmed Combat
  1872 | D:2      | Reached XP level 3. HP: 8/28 MP: 8/8
  2394 | D:2      | Learned a level 3 spell: Spider Form
  2658 | D:2      | Noticed Robin
  2695 | D:2      | Killed Robin
  2709 | D:2      | Reached XP level 4. HP: 18/35 MP: 6/10
  2970 | D:2      | Found a sacrificial altar of Ru.
  3136 | D:2      | HP: 1/35 [something (7)]
  3137 | D:2      | Slain by an orc wizard

Skill      XL: |  1  2 |
---------------+-------+-----
Fighting       | 1 |  1.5
Dodging        | 2 |  2.5
Spellcasting   | 2 |  2.2
Unarmed Combat | 3 |  3.5
Transmutations | 2 |  2.2

Action                   |  1- 3 |  4- 6 || total
-------------------------+-------+-------++-------
Melee: Unarmed           |   147 |    36 ||   183
       Kick              |    20 |       ||    20
       Headbutt          |     9 |       ||     9
 Cast: Beastly Appendage |    37 |     1 ||    38
       Spider Form       |     1 |     3 ||     4
  Use: Potion            |     1 |       ||     1
 Stab: Sleeping          |     1 |       ||     1
       Distracted        |     1 |       ||     1
  Eat: Chunk             |     3 |       ||     3
       Fruit             |     1 |       ||     1
       Bread ration      |     1 |       ||     1
Armor: Robe              |    23 |     7 ||    30
       Skin              |       |     2 ||     2
Dodge: Dodged            |    81 |    55 ||   136
